 Dungeon Crawl Stone Soup version 0.20.1-1-g8b1a95d (webtiles) character file.

13 vineage the Ducker (level 2, -3/14 HPs)
             Began as a Felid Berserker on July 22, 2017.
             Was a Follower of Trog.
             Slain by a leopard gecko (4 damage)
             ... on level 2 of the Dungeon.
             The game lasted 00:04:00 (459 turns).

vineage the Ducker (Felid Berserker)                 Turns: 459, Time: 00:04:01

Health: -3/14      AC:  1    Str: 13    XL:     2   Next: 24%
Magic:  3/3        EV: 19    Int:  8    God:    Trog [*.....]
Gold:   24         SH:  0    Dex: 15    Spells: 1/1 levels left
                                        Lives:  0   Deaths: 0

rFire    . . .     SeeInvis +     - Unarmed
rCold    . . .     Gourm    .   (shield unavailable)
rNeg     . . .     Faith    +   (armour unavailable)
rPois    .         Spirit   .   (helmet unavailable)
rElec    .         Reflect  .   (cloak unavailable)
rCorr    .         Harm     .   (gloves unavailable)
MR       .....                  (boots unavailable)
Stlth    +++.......             e - amulet of faith
Regen    0.1/turn               (no ring)
MPRegen  0.1/turn               (no ring)

@: lethally poisoned (-3 -> -12), quick
A: no armour, no weapons or thrown items, stealth, claws 1, fangs 3, camouflage
1, see invisible, carnivore 3, speed 1, shaggy fur 1, slow metabolism 1,
evolution 1, sharp paws
a: Berserk, Burn Spellbooks, Renounce Religion


You were on level 2 of the Dungeon.
You worshipped Trog.
Trog was aware of your devotion.
You were full.

You visited 1 branch of the dungeon, and saw 2 of its levels.

You collected 24 gold pieces.

Inventory:

Jewellery
 e - an amulet of faith (around neck)
Comestibles
 a - a meat ration
 b - 2 fruits
 c - a bread ration
 f - 3 chunks of flesh


   Skills:
 + Level 3.2 Fighting
 + Level 4.3 Dodging
 + Level 3.3 Unarmed Combat


You had one spell level left.
You didn't know any spells.

Dungeon Overview and Level Annotations

Branches:
Dungeon (1/15)

Altars:


Innate Abilities, Weirdness & Mutations

You cannot wear armour.
You are incapable of wielding weapons or throwing items.
Your paws allow you to move quietly. (Stealth)
You have sharp claws.
You have razor-sharp teeth.
You have supernaturally acute eyesight. (SInv)
You are carnivorous and can eat meat at any time.
You cover ground quickly.
You are covered in fur. (AC +1)
You have a slow metabolism.
Your sharp claws are effective at attacking unaware monsters.
Your skin changes colour to match your surroundings (Stealth+).
You evolve.


Message History

The leopard gecko barely misses you.
A gnoll comes into view. It is wielding a spear.
You see here a frilled lizard corpse.
Found a royal jelly.
The adder closely misses you. The leopard gecko bites you.
The adder misses you. The leopard gecko misses you.
The adder closely misses you.
The leopard gecko completely misses you.
You scratch the giant cockroach. You bite the giant cockroach.
You kill the giant cockroach!
Trog accepts your kill. The leopard gecko misses you. The adder misses you.
The goblin hits you.
* * * LOW HITPOINT WARNING * * *
The adder barely misses you. The adder bites you.
* * * LOW HITPOINT WARNING * * *
You are lethally poisoned!
The adder poisons you! The leopard gecko bites you.
You die...

###### #.@..#
... #.Slg# ...
#..g.#
####.####.
#....#
...s..g..
#....# .......
#...w# ....
#....######'##
#............#
#......w.....#


You could see a worm, an adder, a leopard gecko and 2 goblins.

Vanquished Creatures
  A dart slug (D:1)
  A bat (D:1)
  A giant cockroach (D:2)
  3 goblins (D:1)
  A frilled lizard (D:2)
  2 kobolds (D:1)
  A rat (D:1)
  A plant (D:1)
11 creatures vanquished.

Notes
Turn   | Place    | Note
-------+----------+-------------------------------------------
     0 | D:1      | vineage the Felid Berserker began the quest for the Orb.
     0 | D:1      | Reached XP level 1. HP: 10/10 MP: 2/2
   343 | D:1      | Reached XP level 2. HP: 6/14 MP: 3/3
   348 | D:1      | Gained mutation: Your skin changes colour to match your surroundings (Stealth+). [potion of mutation]
   348 | D:1      | Gained mutation: You evolve. [potion of mutation]
   419 | D:1      | You fall through a shaft!
   459 | D:2      | Slain by a leopard gecko

Action                   || total
-------------------------++-------
Melee: Unarmed           ||    63
       Bite              ||    12
       Punch             ||     3
  Use: Scroll            ||     2
       Potion            ||     2
 Stab: Sleeping          ||     1
  Eat: Chunk             ||     2
Armor: Skin              ||     1
Dodge: Dodged            ||    36
